 Dungeon Crawl Stone Soup version 0.28.0 (webtiles) character file.

Game seed: 5440354686130058774

2674 hawla the Conjurer (level 9, -5/71 HPs)
             Began as a Pale Draconian Conjurer on Feb 13, 2022.
             Was a Follower of Vehumet.
             Slain by an orc (6 damage)
             ... on level 8 of the Dungeon.
             The game lasted 00:25:56 (10001 turns).

hawla the Conjurer (Pale Draconian Conjurer)       Turns: 10001, Time: 00:25:56

Health: -5/71      AC:  8    Str: 10    XL:     9   Next: 37%
Magic:  4/18       EV: 16    Int: 28    God:    Vehumet [*.....]
Gold:   129        SH:  0    Dex:  9    Spells: 13/20 levels left

rFire   + . .      SeeInvis +   B - +7 great sword of Debt {flame, *Corrode +Blink rPois rF+}
rCold   + . .      Faith    .   (shield currently unavailable)
rNeg    . . .      Spirit   .   (armour unavailable)
rPois   +          Reflect  .   (helmet restricted)
rElec   .          Harm     .   (no cloak)
rCorr   .          Rampage  .   (no gloves)
Will    .....                   a - +0 pair of boots
Stlth   ++........              (no amulet)
HPRegen 0.21/turn               l - +4 ring of evasion
MPRegen 0.16/turn               z - ring "Malace" {rC+ Int+5 SInv}

@: lethally poisoned (-5 -> -9), flying, hasted, very quick
A: breathe steam, AC +7, unfitting armour, cold-blooded, steam resistance
a: Breathe Steam, Renounce Religion, Evoke Blink


You were on level 8 of the Dungeon.
You worshipped Vehumet.
Vehumet was aware of your devotion.
You visited 1 branch of the dungeon, and saw 8 of its levels.

You collected 504 gold pieces.
You spent 375 gold pieces at shops.

Inventory:

Hand Weapons
 k - a +0 quarterstaff
 m - the +8 hand axe "Merphiwygu" {elec, Int+3}
   (You found it on level 4 of the Dungeon)

   It occasionally discharges a powerful burst of electricity upon striking a
   foe.
   Int:       It affects your intelligence (+3).
 B - the +7 great sword of Debt (weapon) {flame, *Corrode +Blink rPois rF+}
   (You bought it in a shop on level 7 of the Dungeon)

   It burns those it strikes, dealing additional fire damage.
   Big, fiery blades are also staple armaments of hydra-hunters.
   rF:        It protects you from fire.
   rPois:     It protects you from poison.
   +Blink:    It lets you blink.
   *Corrode:  It may corrode you when you take damage.
Missiles
 d - 7 boomerangs
 e - 14 poisoned darts (quivered)
 t - a throwing net
 y - 2 curare-tipped darts
Armour
 a - a +0 pair of boots (worn)
Jewellery
 g - a +4 ring of evasion
 l - a +4 ring of evasion (left hand)
 n - a ring of wizardry
 w - a +4 ring of evasion
 z - the ring "Malace" (right hand) {rC+ Int+5 SInv}
   (You acquired it on level 8 of the Dungeon)

   [ring of protection from cold]

   Int:       It affects your intelligence (+5).
   rC:        It protects you from cold.
   SInv:      It lets you see invisible.
Wands
 i - a wand of paralysis (8)
 j - a wand of flame (7)
 r - a wand of digging (5)
Scrolls
 b - a scroll of fear
 p - a scroll of enchant weapon
 v - a scroll of teleportation
 D - a scroll of amnesia
Potions
 c - 4 potions of brilliance
 f - a potion of might
 h - a potion of cancellation
 o - 2 potions of flight
 s - a potion of haste
 u - a potion of mutation {unknown}
 x - a potion of invisibility {unknown}
 A - a potion of curing {unknown}
 C - 2 potions of lignification {unknown}


   Skills:
 - Level 4.0 Fighting
 + Level 5.2 Long Blades
 - Level 3.0 Throwing
 - Level 4.0 Dodging
 - Level 3.4 Stealth
 - Level 6.0 Spellcasting
 - Level 6.0 Conjurations
 - Level 1.0 Translocations
 - Level 4.0 Fire Magic
 - Level 2.0 Earth Magic
 - Level 1.0 Evocations


You had 13 spell levels left.
You knew the following spells:

 Your Spells              Type           Power      Damage    Failure   Level
a - Magic Dart            Conj           100%       1d8       1%          1
b - Searing Ray           Conj           84%        2d7       1%          2
c - Iskenderun's Mystic   Conj/Tloc      28%        2d7       14%         4

Your spell library contained the following spells:

 Spells                   Type           Power      Damage    Failure   Level
 Sandblast                Erth           38%        2d10      2%          1
 Dazzling Flash           Conj/Hex       50%        N/A       5%          3
 Summon Small Mammal      Summ           32%        N/A       6%          1
 Blink                    Tloc           28%        N/A       6%          2
 Lesser Beckoning         Tloc           14%        N/A       12%         3
 Fulminant Prism          Conj/Hex       12%        3d9       17%         4
 Call Canine Familiar     Summ           8%         N/A       19%         3
 Confusing Touch          Hex            8%         N/A       19%         3
 Summon Guardian Golem    Hex/Summ       8%         N/A       19%         3
 Animate Dead             Necr           4%         N/A       52%         4
 Manifold Assault         Tloc           14%        N/A       73%         5
 Summon Forest            Summ/Tloc      5%         N/A       80%         5
 Yara's Violent Unravell  Hex/Tmut       4%         3d4       86%         5
 Eringya's Noxious Bog    Tmut/Pois      4%         N/A       100%        6
 Enfeeble                 Hex            4%         N/A       100%        7
 Haunt                    Necr/Summ      4%         N/A       100%        7
 Summon Hydra             Summ           4%         N/A       100%        7
 Infestation              Necr           4%         N/A       100%        8


Dungeon Overview and Level Annotations

Branches:
Dungeon (8/15)             Temple (0/1) D:6
   Lair: D:8-11

Altars:
Cheibriados
Dithmenos
Fedhas
Gozag
Hepliaklqana
Makhleb
Okawaru
Ru
Vehumet
Wu Jian
The Shining One

Shops:
D:7 *

Annotations:
D:3 2 transporters
D:4 shatter the executioner
D:5 do something about the statue, exclusion: statue
D:7 3 runed translucent doors, Balder's ghost, novice MiFi


Innate Abilities, Weirdness & Mutations

You can breathe blasts of scalding, opaque steam.
Your pale cyan-grey scales are hard. (AC +7)
You cannot fit into any form of body armour.
You are cold-blooded and may be slowed by cold attacks.
You are immune to the effects of steam.


Message History

You are no longer corroded.
* * * LOW HITPOINT WARNING * * *
You feel extremely sick. The killer bee completely misses you.
The killer bee barely misses you. x2
The killer bee misses you.
You feel much better.
You feel very sick.
The killer bee stings you but does no damage. x2
The killer bee stings you. x2
As you read the scroll of teleportation, it crumbles to dust.
You feel strangely unstable.
You feel very sick. The killer bee stings you. The killer bee misses you.
The killer bee closely misses you.
The killer bee stings you but does no damage.
You feel very sick. The killer bee misses you. The killer bee stings you.
* * * LOW HITPOINT WARNING * * *
The killer bee stings you.
* * * LOW HITPOINT WARNING * * *
* * * LOW HITPOINT WARNING * * *
You feel very sick. The killer bee stings you.
* * * LOW HITPOINT WARNING * * *
The killer bee stings you but does no damage.
* * * LOW HITPOINT WARNING * * *
You feel sick. The killer bee barely misses you. The killer bee misses you.
It was a potion of flight.
You feel very buoyant.
You fly up into the air.
Your surroundings suddenly seem different. 3 orcs come into view.
Found a stone staircase leading down.
* * * LOW HITPOINT WARNING * * *
You feel sick.
The orc shouts! x2
It was a potion of haste.
You feel yourself speed up.
* * * LOW HITPOINT WARNING * * *
You feel sick. The orc misses you. The orc hits you with a +0 flail.
You die...

+.. #.. #.. #.. ### #
#####..####...# #
...........o... #
.....>..o...... #
.......@o...... #
............... #
......##..##..###..##.. ###
#......# #.. ..# #.. #......#
... ... +.. #......# .... ....
#.. #......#.... .... #..
#......#######################..
#.............................)#


You could see 3 orcs.

Vanquished Creatures
  Maggie (D:8)
  A wyvern (D:5)
  An ice beast (D:8)
  A sky beast (D:7)
  An orc warrior (D:8)
  2 necrophages
  A hornet zombie (D:8)
  3 ogres
  A centaur (D:4)
  2 bullfrogs
  2 scorpions
  2 wyvern zombies (D:7)
  A gnoll sergeant (D:8)
  A water moccasin skeleton (D:4)
  3 killer bees (D:8)
  A howler monkey (D:8)
  An electric eel (D:7)
  A bullfrog zombie (D:7)
  2 centaur zombies (D:8)
  A gnoll shaman (D:5)
  3 orc priests
  An iguana (D:7)
  4 orc wizards
  Terence (D:3)
  A mummy (D:6)
  7 gnolls
  A river rat (D:3)
  8 adders
  2 shadow imps
  A white imp (D:5)
  An adder skeleton (D:4)
  6 worms
  2 dart slugs
  16 orcs
  4 bats
  4 endoplasms
  8 giant cockroaches
  6 goblins
  2 hobgoblins (D:1)
  4 jackals (D:5)
  7 quokkas
  5 ball pythons (D:1)
  10 frilled lizards
  A jackal skeleton (D:4)
  2 kobolds (D:2)
  8 rats
144 creatures vanquished.

Vanquished Creatures (others)
  A gnoll (D:7)
1 creature vanquished.

Grand Total: 145 creatures vanquished

Notes
Turn   | Place    | Note
-------+----------+-------------------------------------------
     0 | D:1      | hawla the Draconian Conjurer began the quest for the Orb.
     0 | D:1      | Reached XP level 1. HP: 14/14 MP: 3/3
   164 | D:1      | Reached XP level 2. HP: 13/20 MP: 0/5
   167 | D:1      | Learned a level 2 spell: Searing Ray
  1140 | D:1      | Reached XP level 3. HP: 26/26 MP: 2/6
  2001 | D:2      | Found a faded altar of an unknown god.
  2379 | D:2      | Reached XP level 4. HP: 33/33 MP: 4/7
  2784 | D:3      | Reached skill level 5 in Conjurations
  2924 | D:3      | Found a transporter.
  3350 | D:3      | Found a transporter.
  3555 | D:3      | Found a glowing golden altar of the Shining One.
  3574 | D:3      | Reached XP level 5. HP: 38/38 MP: 2/9
  3665 | D:3      | Noticed Terence
  3673 | D:3      | Killed Terence
  4229 | D:4      | Noticed a centaur
  4237 | D:4      | Killed a centaur
  4478 | D:4      | Identified the +8 hand axe "Merphiwygu" {elec, Int+3}
  4663 | D:4      | Reached XP level 6. HP: 46/46 MP: 11/11
  5049 | D:4      | Identified the +0 ring mail "Ymoegges" {rC+ rCorr}
  5077 | D:4      | Found a burning altar of Makhleb.
  5077 | D:4      | Noticed an Executioner
  5115 | D:5      | Entered Level 5 of the Dungeon
  5133 | D:5      | Found an ornate altar of the Wu Jian Council.
  5300 | D:5      | Found a blossoming altar of Fedhas.
  5413 | D:5      | Reached skill level 1 in Fighting
  5476 | D:5      | Noticed a wyvern
  5486 | D:5      | Killed a wyvern
  5487 | D:5      | Your scales start taking on a pale cyan-grey colour.
  5487 | D:5      | Reached XP level 7. HP: 20/52 MP: 3/13
  5487 | D:5      | Gained mutation: You are immune to the effects of steam.
                  | [Pale Draconian growth]
  5789 | D:5      | Found a radiant altar of Vehumet.
  5796 | D:5      | Became a worshipper of Vehumet
  5874 | D:5      | Found an opulent altar of Gozag.
  6345 | D:6      | Found a staircase to the Ecumenical Temple.
  6452 | D:6      | Reached skill level 1 in Throwing
  6452 | D:6      | Reached skill level 1 in Evocations
  6739 | D:6      | Reached skill level 5 in Spellcasting
  6836 | D:6      | Reached skill level 1 in Fire Magic
  6836 | D:6      | Reached skill level 1 in Earth Magic
  6999 | D:6      | Reached XP level 8. HP: 62/62 MP: 15/15
  7232 | D:6      | Found a sacrificial altar of Ru.
  7306 | D:6      | Found a snail-covered altar of Cheibriados.
  8665 | D:7      | Found Gifiav's Assorted Antiques.
  8674 | D:7      | Bought a scroll labelled RASEMU XARAIH for 30 gold pieces
  8674 | D:7      | Bought a crude great sword for 345 gold pieces
  8674 | D:7      | Identified the +7 great sword of Debt {flame, *Corrode
                  | +Blink rPois rF+} (You bought it in a shop on level 7 of
                  | the Dungeon)
  8711 | D:7      | Found a hazy altar of Hepliaklqana.
  8715 | D:7      | Found a shadowy altar of Dithmenos.
  8877 | D:7      | Found a runed translucent gate.
  8877 | D:7      | Found a runed translucent gate.
  8878 | D:7      | Found a runed translucent gate.
  8880 | D:7      | Noticed Balder's ghost (novice MiFi)
  9024 | D:8      | Acquired the ring "Malace" {rC+ Int+5 SInv}
  9051 | D:8      | Reached skill level 1 in Long Blades
  9051 | D:8      | Reached skill level 1 in Translocations
  9067 | D:8      | Noticed Maggie
  9071 | D:8      | Found an iron altar of Okawaru.
  9084 | D:8      | Killed Maggie
  9085 | D:8      | Reached XP level 9. HP: 55/71 MP: 1/18
  9233 | D:7      | Reached * piety under Vehumet
  9233 | D:7      | Offered knowledge of Sandblast by Vehumet.
  9562 | D:8      | Learned a level 4 spell: Iskenderun's Mystic Blast
  9989 | D:8      | Reached skill level 5 in Long Blades
  9999 | D:8      | HP: 3/71 [poisoned by a killer bee]
 10000 | D:8      | HP: 1/71 [poisoned by a killer bee]
 10001 | D:8      | Slain by an orc

Illustrated notes

Levels and vault maps discovered:
D:1:      erik_arrival_blinker_ship, layout_loops_ring, minmay_three_crescents
D:2:      layout_basic, hellmonk_ecumenical_altar_lost_god, minmay_lizard_pond
D:3:      gammafunk_steamed_eel, layout_basic, tso_metal_star,
          gup_sewer_entry_bubbles, uniq_terence
D:4:      layout_loops_cross, makhleb_altar_promises_db
D:5:      layout_loops_ring, nicolae_wu_jian_immortal_techniques,
          nicolae_gozag_seed_capital, vehumet_statue, fedhas_altar_3,
          kennysheep_generic_room_3
D:6:      layout_loops_ring, chei_slow_surprise, nicolae_ru_path_of_blood,
          minmay_temple_entry_proselytizer
D:7:      layout_layer_cave, riverfiend_overflow_shadow_ancestor,
          gammafunk_ghost_necromancy, serial_shops, shop, nicolae_water_bricks
D:8:      layout_gridville, kennysheep_okawaru_gauntlet, uniq_maggie

Skill      XL: |  1  2  3  4  5  6  7  8  9 |
---------------+----------------------------+-----
Dodging        | 2 3 4 |  4.0
Stealth        | 2 3 |  3.4
Conjurations   | 5 6 |  6.0
Spellcasting   | 3 4 5 6 |  6.0
Fighting       | 1 2 4 |  4.0
Throwing       | 1 3 |  3.0
Evocations     | 1 |  1.0
Fire Magic     | 1 4 |  4.0
Earth Magic    | 1 2 |  2.0
Long Blades    | 2 5 |  5.2
Translocations | 1 |  1.0

Action                   |  1- 3 |  4- 6 |  7- 9 || total
-------------------------+-------+-------+-------++-------
Melee: Unarmed           |    62 |       |       ||    62
       Tailslap          |    10 |     3 |     7 ||    20
       Rapier            |       |    17 |       ||    17
       Hand axe          |       |     7 |    59 ||    66
       Punch             |       |       |     1 ||     1
       Great sword       |       |       |    46 ||    46
Throw: Dart              |       |     1 |       ||     1
 Cast: Magic Dart        |    32 |    11 |    25 ||    68
       Searing Ray       |    21 |    30 |    34 ||    85
       Iskenderun's Myst |       |       |     2 ||     2
 Abil: Breathe Steam     |       |       |     1 ||     1
Evoke: Wand              |       |       |     2 ||     2
  Use: Scroll            |     3 |     7 |     6 ||    16
       Potion            |       |       |     5 ||     5
 Stab: Sleeping          |       |     1 |     2 ||     3
Armor: Skin              |    44 |    15 |    38 ||    97
Dodge: Dodged            |    77 |    53 |   191 ||   321
